 Dungeon Crawl Stone Soup version 0.29.1-4-g47bece8355 (webtiles) character file.

Game seed: 16294299834757791984

2667 CaptainMV the Conjurer (level 9, 0/75 HPs)
             Began as a Pale Draconian Conjurer on Dec 6, 2022.
             Was a Plaything of Xom.
             Slain by GorkyZ's ghost (9 damage)
             ... on level 6 of the Dungeon on Dec 7, 2022.
             The game lasted 01:29:09 (6104 turns).

CaptainMV the Conjurer (Pale Draconian Conjurer)    Turns: 6104, Time: 01:29:10

Health: 0/75       AC:  9    Str: 12    XL:     9   Next: 37%
Magic:  3/17       EV: 14    Int: 28    God:    Xom [*.....]
Gold:   283        SH:  5    Dex: 11    Spells: 15/19 levels left

rFire   . . .      SeeInvis .   l - +7 dagger of the Gibberer {venom, Str+3 Int+2}
rCold   + . .      Faith    .   (no shield)
rNeg    . . .      Spirit   .   (body armour unavailable)
rPois   .          Reflect  +   (helmet restricted)
rElec   .          Harm     .   t - +0 cloak
rCorr   +          Rampage  .   (no gloves)
Will    .....                   E - +0 pair of boots "Pool" {rCorr Int+6}
Stlth   +++.......              G - amulet of reflection
HPRegen 0.22/turn               n - ring of protection from cold
MPRegen 0.15/turn               (no ring)

@: short of breath, unable to read
A: breathe steam, AC +7, unfitting armour, cold-blooded, steam resistance,
clumsy 1, inability to read after injury 1
a: Breathe Steam, Renounce Religion


You were on level 6 of the Dungeon.
You worshipped Xom.
You were a special plaything of Xom.
You visited 1 branch of the dungeon, and saw 6 of its levels.
You also visited: Sewer and Ossuary.

You collected 283 gold pieces.

Inventory:

Hand Weapons
 f - a +0 mace of protection
 l - the +7 dagger of the Gibberer (weapon) {venom, Str+3 Int+2}
   (You found it on level 2 of the Dungeon)

   It poisons the flesh of those it strikes.
   Str:       It affects your strength (+3).
   Int:       It affects your intelligence (+2).
 q - a +3 quarterstaff of chaos
 M - a +1 war axe of distortion
Missiles
 h - 4 poisoned darts (quivered)
 v - 5 atropa-tipped darts
Armour
 t - a +0 cloak (worn)
 E - the +0 pair of boots "Pool" (worn) {rCorr Int+6}
   (You found it on level 4 of the Dungeon)

   Int:       It affects your intelligence (+6).
   rCorr:     It protects you from acid and corrosion.
Magical Staves
 d - a staff of poison
Jewellery
 n - a ring of protection from cold (left hand)
 G - an amulet of reflection (around neck)
 I - a ring of positive energy
Wands
 J - a wand of paralysis (13)
Scrolls
 b - 8 scrolls of identify
 c - 2 scrolls of blinking {unknown}
 g - 6 scrolls of noise
 i - 4 scrolls of enchant armour {unknown}
 m - 4 scrolls of teleportation
 o - a scroll of vulnerability {unknown}
 p - a scroll of torment {unknown}
 s - a scroll of amnesia {unknown}
 u - 3 scrolls of magic mapping
 x - a scroll of poison {unknown}
 y - 4 scrolls of fear {unknown}
 F - a scroll of silence {unknown}
Potions
 a - 4 potions of magic
 e - 3 potions of curing {unknown}
 j - 3 potions of brilliance {unknown}
 k - 2 potions of resistance {unknown}
 r - 4 potions of heal wounds
 w - 9 potions of degeneration
 z - 2 potions of lignification {unknown}
 A - 3 potions of haste {unknown}
 B - 3 potions of cancellation {unknown}
 C - 3 potions of mutation {unknown}
 D - a potion of berserk rage {unknown}
 H - a potion of attraction {unknown}
 K - 4 potions of invisibility {unknown}
 L - 2 potions of ambrosia {unknown}


   Skills:
 + Level 5.8 Fighting
 + Level 5.9 Short Blades
 - Level 0.2 Maces & Flails
 * Level 6.8 Dodging
 + Level 6.1 Stealth
 + Level 1.0 Shields
 + Level 5.9 Spellcasting
 + Level 7.4 Conjurations
 + Level 0.2 Transmutations
 + Level 0.3 Fire Magic
 + Level 1.3 Poison Magic


You had 15 spell levels left.
You knew the following spells:

 Your Spells              Type           Power      Damage    Failure   Level
a - Magic Dart            Conj           100%       1d8       1%          1
b - Ignite Poison         Fire/Tmut/Pois 11%        N/A       14%         3

Your spell library contained the following spells:

 Spells                   Type           Power      Damage    Failure   Level
 Searing Ray              Conj           98%        2d8       1%          2
 Conjure Flame            Conj/Fire      30%        6-21      3%          3
 Dazzling Flash           Conj/Hex       58%        N/A       4%          3
 Poisonous Vapours        Pois/Air       22%        N/A       7%          2
 Sticky Flame             Conj/Fire      30%        2d5       12%         4
 Fulminant Prism          Conj/Hex       14%        3d9       13%         4
 Iskenderun's Mystic Bla  Conj/Tloc      29%        2d7       13%         4
 Corpse Rot               Necr/Pois/Air  10%        N/A       45%         4
 Starburst                Conj/Fire      15%        6d6       88%         6


Dungeon Overview and Level Annotations

Branches:
Dungeon (6/15)             Temple (0/1) D:6           Sewer (visited)
Ossuary (visited)

Altars:
Fedhas
Gozag
Sif Muna
Trog
Wu Jian
Zin

Shops:
D:4 *   D:6 *

Annotations:
D:6 GorkyZ's ghost, novice GrFi


Innate Abilities, Weirdness & Mutations

You can breathe blasts of scalding, opaque steam.
Your pale cyan-grey scales are hard. (AC +7)
You cannot fit into any form of body armour.
You are cold-blooded and may be slowed by cold attacks.
You are immune to the effects of steam.
You are clumsy. (Dex -2)
You occasionally lose the ability to read scrolls when taking damage.


Message History

Aiming: Magic Dart (safe; 1% risk of failure)
Press: ? - help, Shift-Dir - straight line, f/p - GorkyZ's ghost
Aim: GorkyZ's ghost, wielding a weapon of flaming (heavily damaged, 100% to hit)
The magic dart hits GorkyZ's ghost but does no damage.
GorkyZ's ghost is heavily damaged.
GorkyZ's ghost hits you! GorkyZ's ghost burns you.
Casting: Magic Dart (safe; 1% risk of failure)
Confirm with . or Enter, or press ? or * to list all spells.
Aiming: Magic Dart (safe; 1% risk of failure)
Press: ? - help, Shift-Dir - straight line, f/p - GorkyZ's ghost
Aim: GorkyZ's ghost, wielding a weapon of flaming (moderately damaged, 100% to hit)
The magic dart hits GorkyZ's ghost but does no damage.
GorkyZ's ghost is moderately damaged.
GorkyZ's ghost hits you but does no damage.
You hit GorkyZ's ghost but do no damage.
You tail-slap GorkyZ's ghost, but do no damage.
GorkyZ's ghost is moderately damaged. "Fight to survive, mortal."
GorkyZ's ghost says, "You can hit me, but you can't hurt me."
GorkyZ's ghost hits you. GorkyZ's ghost burns you.
You closely miss GorkyZ's ghost.
Your tail-slap misses GorkyZ's ghost.
GorkyZ's ghost is moderately damaged.
GorkyZ's ghost hits you but does no damage.
You hit GorkyZ's ghost but do no damage.
Your punch misses GorkyZ's ghost.
GorkyZ's ghost is moderately damaged.
GorkyZ's ghost hits you!
You feel threatened and lose the ability to read scrolls!
* * * LOW HITPOINT WARNING * * *
GorkyZ's ghost burns you.
* * * LOW HITPOINT WARNING * * *
You hit the scorpion.
The scorpion is poisoned.
You tail-slap the scorpion.
The scorpion is heavily wounded.
You block the scorpion's attack. The ogre barely misses you.
You hit the ogre.
The ogre is poisoned.
The ogre is lightly wounded.
You hear Xom's avuncular chuckle.
The ogre suddenly seems more agile.
GorkyZ's ghost hits you!
You die...
Xom thinks this is hilarious!

*#####........# *.......
#########........?....##
*.......
.....##................#
*$......
....≈≈≈≈≈≈≈.......)....#
*.....(.
####≈.....≈..........).#
*....... #≈.⌠.⌠.≈............#
*##..... #≈..∩..≈.....)......#
#####. #≈.⌠.⌠.≈....Os......##
** #≈.....≈...).@.###...##
#≈≈...≈≈.....W##⌠##...########
#.≈._.≈......##...##..........
#.≈...≈.....##.....##.........
#.≈≈.≈≈.....'...♣..⌠#.........
#........#..##.....##.........
####.##.##...##...##..........
#....###...##⌠##...........
###.## ##...###.........)..


You could see an ogre (summoned, agile, very poisoned), a scorpion (summoned,
very poisoned) and GorkyZ's ghost.

Vanquished Creatures
  Maggie (D:6)
  Grinder (D:6)
  A steam dragon (D:6)
  A water moccasin (D:6)
  An orc warrior (D:6)
  3 ice beasts (D:6)
  An ogre (D:5)
  A centaur (D:5)
  2 bullfrogs (D:6)
  3 necrophages
  A centaur zombie (Ossuary)
  3 hounds
  6 jellies
  Crazy Yiuf (D:2)
  4 orc priests (D:6)
  Jessica (D:2)
  2 gnoll boudas
  Terence (D:2)
  2 orc wizards (D:6)
  4 mummies (Ossuary)
  9 gnolls
  4 river rats
  10 adders
  2 ufetubi
  2 worms
  A dart slug (D:4)
  10 orcs
  7 ball pythons
  10 endoplasms
  3 giant cockroaches
  6 goblins
  5 hobgoblins
  3 quokkas
  5 bats
  5 frilled lizards
  A gnoll zombie (Ossuary)
  A goblin zombie (Ossuary)
  3 hobgoblin zombies (Ossuary)
  3 kobolds
  A kobold zombie (Ossuary)
  An orc zombie (Ossuary)
  12 rats
144 creatures vanquished.

Vanquished Creatures (others)
  10 fungi (D:1)
  A plant (D:1)
11 creatures vanquished.

Grand Total: 155 creatures vanquished

Notes
Turn   | Place    | Note
-------+----------+-------------------------------------------
     0 | D:1      | CaptainMV the Draconian Conjurer began the quest for the
                  | Orb.
     0 | D:1      | Reached XP level 1. HP: 14/14 MP: 3/3
   286 | D:1      | Found a faded altar of an unknown god.
   429 | D:1      | Reached XP level 2. HP: 18/20 MP: 3/5
  1204 | D:2      | Reached skill level 1 in Fighting
  1438 | D:2      | Identified the +7 dagger of the Gibberer {venom, Str+3
                  | Int+2}
  1472 | D:2      | Reached XP level 3. HP: 22/28 MP: 3/6
  1491 | D:2      | Noticed Terence
  1503 | D:2      | Killed Terence
  1906 | D:2      | Found a runed translucent door.
  1907 | D:2      | Noticed Crazy Yiuf
  1916 | D:2      | Killed Crazy Yiuf
  1917 | D:2      | Reached XP level 4. HP: 32/35 MP: 7/7
  2076 | D:2      | Noticed Jessica
  2081 | D:2      | Killed Jessica
  2550 | D:3      | Reached skill level 5 in Conjurations
  2550 | D:3      | Reached XP level 5. HP: 40/40 MP: 3/8
  2666 | D:3      | Found a glowing drain.
  2700 | Sewer    | Entered a sewer
  2767 | Sewer    | HP: 2/41 [poisoned by an adder]
  2768 | Sewer    | Reached skill level 5 in Fighting
  2768 | Sewer    | Reached skill level 5 in Dodging
  2768 | Sewer    | Reached skill level 5 in Stealth
  2768 | Sewer    | Reached skill level 7 in Conjurations
  2768 | Sewer    | Reached XP level 6. HP: 3/56 MP: 3/13
  3158 | Sewer    | Found a shimmering altar of Xom.
  3171 | Sewer    | Became a worshipper of Xom of Chaos
  3199 | Sewer    | Reached skill level 5 in Spellcasting
  3199 | Sewer    | Your scales start taking on a pale cyan-grey colour.
  3199 | Sewer    | Reached XP level 7. HP: 42/61 MP: 3/14
  3199 | Sewer    | Gained mutation: You are immune to the effects of steam.
                  | [Pale Draconian growth]
  3451 | D:4      | Learned a level 3 spell: Ignite Poison
  3640 | D:4      | XOM: divination: magic mapping
  3687 | D:4      | XOM: silly message
  3754 | D:4      | XOM: god gift: silvery potion {god gift}
  3832 | D:4      | Identified the +0 pair of boots "Pool" {rCorr Int+6}
  3910 | D:4      | XOM: silly message
  3919 | D:4      | Found Zin's Purification Station.
  3931 | D:4      | Found a glowing silver altar of Zin.
  4117 | D:4      | XOM: swap monsters
  4199 | D:5      | Entered Level 5 of the Dungeon
  4265 | D:5      | XOM: god gift: amethyst potion {god gift}
  4270 | D:5      | XOM: 3-stop teleportation journey
  4468 | D:5      | Found a large runed translucent door.
  4468 | D:5      | Found a large runed translucent door.
  4504 | D:5      | Found an ornate altar of the Wu Jian Council.
  4522 | D:5      | Found a shimmering blue altar of Sif Muna.
  4548 | D:5      | Found a blossoming altar of Fedhas.
  4549 | D:5      | XOM: silly message
  4561 | D:5      | Reached skill level 1 in Poison Magic
  4561 | D:5      | Reached XP level 8. HP: 56/69 MP: 16/16
  4582 | D:5      | Reached skill level 5 in Short Blades
  4853 | D:6      | XOM: enchant monster (bad)
  4872 | D:6      | Noticed GorkyZ's ghost (novice GrFi)
  4887 | D:6      | Found a staircase to the Ecumenical Temple.
  4908 | D:6      | Found a sand-covered staircase.
  4909 | D:6      | Identified the +3 scale mail of Mezcal {Will+}
  4931 | Ossuary  | Entered an ossuary
  5182 | D:6      | Found a bloodstained altar of Trog.
  5283 | D:6      | XOM: give mutations
  5283 | D:6      | Gained mutation: You occasionally lose the ability to read
                  | scrolls when taking damage. [Xom's mischief]
  5283 | D:6      | Gained mutation: You are clumsy. (Dex -2) [Xom's mischief]
  5423 | D:6      | Noticed Grinder
  5431 | D:6      | Killed Grinder
  5478 | D:6      | Found Gozag's Platinum Reserve.
  5494 | D:6      | Found an opulent altar of Gozag.
  5573 | D:6      | Found a runed translucent door.
  5585 | D:6      | XOM: enchant monster (good)
  5614 | D:6      | XOM: cast spell 'Olgreb's Toxic Radiance'
  5622 | D:6      | XOM: confuse monster(s)
  5625 | D:6      | XOM: potion effect (invisibility)
  5639 | D:6      | XOM: confuse monster(s)
  5643 | D:6      | Reached XP level 9. HP: 49/75 MP: 12/17
  5643 | D:6      | XOM: 1-stop teleportation journey
  5645 | D:6      | Noticed Maggie
  5666 | D:6      | XOM: summons 5 hostile demons
  5673 | D:6      | Killed Maggie
  5880 | D:6      | Reached skill level 1 in Shields
  6000 | D:6      | XOM: 2-stop teleportation journey
  6027 | D:6      | XOM: scenery: 3 fountains blood, 1 doors close
  6039 | D:6      | XOM: blink monster(s)
  6045 | D:6      | XOM: 1-stop teleportation journey
  6100 | D:6      | XOM: summons 2 hostile shadow creatures
  6104 | D:6      | XOM: enchant monster (bad)
  6104 | D:6      | Slain by GorkyZ's ghost

Illustrated notes

Levels and vault maps discovered:
D:1:      dpeg_arrival_prison, layout_basic,
          shapermc_ecumenical_altar_mp_urbaneastern
D:2:      layout_loops_corners, uniq_jessica, uniq_terence,
          uniq_crazy_yiuf_cottage
D:3:      layout_rooms, portal_sewer_entry_b
D:4:      layout_loops_ring, zin_purify
D:5:      layout_rooms, fedhas_altar_1, jmf_multi_god_temple2, nicolae_titane
D:6:      layout_cave_pods, mainiacjoe_overflow_catwalk,
          nicolae_gozag_zags_fifth_avenue, temple_doors_cd,
          nicolae_ossuary_entry_false_entrances, hellmonk_ghost_happy_afterlife,
          kennysheep_opposing_triangles, uniq_maggie, uniq_grinder

Skill      XL: |  1  2  3  4  5  6  7  8  9 |
---------------+----------------------------+-----
Fighting       | 1 5 |  5.8
Dodging        | 2 3 5 6 |  6.8
Stealth        | 2 5 6 |  6.1
Conjurations   | 5 7 |  7.4
Short Blades   | 4 5 |  5.9
Spellcasting   | 4 5 |  5.9
Poison Magic   | 1 |  1.3
Shields        | 1 |  1.0
Maces & Flails | |  0.2
Transmutations | |  0.2
Fire Magic     | |  0.3

Action                   |  1- 3 |  4- 6 |  7- 9 || total
-------------------------+-------+-------+-------++-------
Melee: Mace              |    69 |       |       ||    69
       Unarmed           |    15 |       |       ||    15
       Tailslap          |    13 |     4 |    32 ||    49
       Punch             |     3 |       |     4 ||     7
       Dagger            |    17 |    52 |   224 ||   293
 Cast: Magic Dart        |    25 |    61 |    92 ||   178
       Ignite Poison     |       |       |     6 ||     6
 Abil: Breathe Steam     |       |       |     7 ||     7
  Use: Potion            |       |     1 |       ||     1
       Scroll            |       |       |     3 ||     3
 Stab: Sleeping          |     1 |     1 |     9 ||    11
       Confused          |       |       |     2 ||     2
       Distracted        |       |       |     2 ||     2
       Invisible         |       |       |     6 ||     6
Armor: Skin              |    36 |    13 |    34 ||    83
Dodge: Dodged            |    52 |    39 |   116 ||   207
Block: Other             |       |       |    25 ||    25
